 Dungeon Crawl Stone Soup version 0.32-a0-900-g30fb1b0edc (webtiles) character file.

Game seed: 1588816034451086587

126 Fractals the Caller (level 4, 23/23 HPs)
             Began as a Felid Summoner on Apr 5, 2024.
             Quit the game on level 3 of the Dungeon.
             The game lasted 00:08:32 (2352 turns).

Fractals the Caller (Felid Summoner)                Turns: 2352, Time: 00:08:33

Health: 23/23      AC:  1    Str:  4    XL:     4   Next: 83%
Magic:  9/9        EV: 16    Int: 20    God:
Gold:   101        SH:  0    Dex: 17    Spells: 6/9 levels left
                                        Lives:  1   Deaths: 1

rFire   . . .        (weapon unavailable)
rCold   . . .        (shield unavailable)
rNeg    . . .        (body armour unavailable)
rPois   .            (helmet unavailable)
rElec   .            (cloak unavailable)
rCorr   .            (gloves unavailable)
SInv    +            (boots unavailable)
Will    .....        (no amulet)
Stlth   +++          (no ring)
HPRegen 0.23/turn    (no ring)
MPRegen 0.11/turn

%: no passive effects
@: no status effects
A: very small, claws 1, fangs 3, see invisible, shaggy fur 1, stealthy paws, no
weapons or thrown items, no armour, multi-lived
a: no special abilities


You were on level 3 of the Dungeon.
You visited 1 branch of the dungeon, and saw 3 of its levels.

You collected 101 gold pieces.

Inventory:

Wands
 b - a wand of polymorph (3)
Scrolls
 e - a scroll of identify {unknown}
 f - a scroll of poison
 g - a scroll of summoning {unknown}
 h - a scroll of revelation {unknown}
 i - a scroll of amnesia {unknown}
 j - a scroll of blinking
Potions
 a - a potion of magic
 c - 2 potions of curing {unknown}
 d - 2 potions of berserk rage {unknown}


   Skills:
 - Level 2.0 Fighting
 - Level 2.6 Dodging
 - Level 4.0 Stealth
 - Level 3.0 Spellcasting
 + Level 4.7 Summonings


You had 6 spell levels left.
You knew the following spells:

 Your Spells              Type           Power      Damage    Failure   Level
a - Summon Small Mammal   Summ           88%        N/A       1%          1
b - Call Imp              Summ           44%        N/A       3%          2

Your spell library contained the following spells:

 Spells                   Type           Power      Damage    Failure   Level
 Call Canine Familiar     Summ           22%        N/A       6%          3
 Inner Flame              Hex/Fire       3%         N/A       38%         3
 Passwall                 Erth           3%         N/A       38%         3
 Volatile Blastmotes      Fire/Tloc      6%         2d10      38%         3
 Summon Blazeheart Golem  Fire/Summ      12%        N/A       47%         4
 Summon Lightning Spire   Summ/Air       12%        N/A       47%         4
 Vhi's Electric Charge    Tloc/Air       6%         N/A       80%         4
 Irradiate                Conj/Alch      1%         3d12      98%         5
 Bombard                  Conj/Erth      1%         9d1       100%        6
 Ignition                 Fire           1%         3d3       100%        8


Dungeon Overview and Level Annotations

Branches:
Dungeon (3/15)

Altars:

Annotations:
D:2 1 runed translucent door, Crazy Yiuf, Sigmund


Innate Abilities, Weirdness & Mutations

You have sharp claws.
You have razor-sharp teeth.
You have supernaturally acute eyesight. (SInv)
You are covered in fur. (AC +1)
Your paws help you pounce on unaware monsters.
You are incapable of wielding weapons or throwing items.
You cannot wear armour.
You gain extra lives every three experience levels.


Message History

HP restored.
You start waiting.
Done waiting.
Found 2 scrolls labelled DOAGGI WALA.
j - 2 scrolls labelled DOAGGI WALA Blink to where?
Press: ? - help, Dir - move target
As you read the scroll labelled DOAGGI WALA, it crumbles to dust.
It was a scroll of blinking.
There is a stone staircase leading down here.
You see here a bat skeleton.
You climb downwards.
There is a stone staircase leading up here.
Okay, then.
Okay, then.
You aren't carrying any pieces of jewellery.
A goblin comes into view. It is wielding a +0 dagger.
A frilled lizard comes into view.
The frilled lizard hisses angrily.
The goblin shouts!
Casting: Call Imp (safe; 3% risk of failure)
Confirm with . or Enter, or press ? or * to list all spells.
A kobold comes into view.
It is wielding a +0 club and carrying a wand of warping.
The goblin hits you with a +0 dagger.
Your quokka barely misses the goblin.
You scratch the goblin.
The goblin is heavily wounded.
The frilled lizard misses you.
Your quokka bites the goblin.
The goblin dies!
The kobold zaps a wand.
Space twists violently!
The rupture engulfs the frilled lizard!
The frilled lizard blinks!
The rupture engulfs you!
You blink.
The rupture engulfs you.
You blink.
* * * LOW HITPOINT WARNING * * *
The kobold zaps a wand.
Space twists violently!
The rupture engulfs you!
You die...
The rupture engulfs your quokka!
Your quokka blinks!
Your quokka dies!
Your quokka's corpse disappears in a puff of smoke!
You hear a shout!
You rejoin the land of the living...
Are you sure you want to abandon this character and quit the game? (Confirm with "yes".)

######## #.......
##########.......
##................
##.......###.......
#.........##.......
#.@.......####.....
#.........>........
#............#.####
###.........#....#
##..........(..####
#..#........).##
#.......<.......#
#.......รท.......#
#..###..........#


There were no monsters in sight!

Vanquished Creatures
  Jessica (D:2)
  Natasha (D:2)
  A ribbon worm (D:2)
  4 bats
  3 endoplasms
  2 giant cockroaches
  3 goblins
  2 hobgoblins (D:1)
  2 kobolds
  2 frilled lizards
  6 rats
27 creatures vanquished.

Vanquished Creatures (collateral kills)
  Natasha (D:2)
  An adder (D:2)
  A dart slug (D:1)
  An orc (D:3)
  An endoplasm (D:1)
  A goblin (D:3)
  2 hobgoblins (D:3)
  A bat (D:2)
9 creatures vanquished.

Vanquished Creatures (others)
  A frilled lizard (D:3)
1 creature vanquished.

Grand Total: 37 creatures vanquished

Notes
Turn   | Place    | Note
-------+----------+-------------------------------------------
     0 | D:1      | Fractals the Felid Summoner began the quest for the Orb.
     0 | D:1      | Reached XP level 1. HP: 9/9 MP: 4/4
   253 | D:1      | Reached skill level 1 in Fighting
   330 | D:1      | Reached XP level 2. HP: 6/14 MP: 4/6
   735 | D:1      | You fall into a shaft and drop 1 floor!
   740 | D:2      | Learned a level 2 spell: Call Imp
   980 | D:2      | Found a runed translucent door.
   981 | D:2      | Noticed Crazy Yiuf
  1039 | D:2      | Reached XP level 3. HP: 18/18 MP: 3/7
  1246 | D:2      | Noticed Sigmund
  1412 | D:2      | Noticed Natasha
  1420 | D:2      | Killed Natasha
  1529 | D:2      | Noticed Natasha
  1540 | D:2      | Killed Natasha
  1541 | D:2      | Reached XP level 4. HP: 17/23 MP: 5/9
  1541 | D:2      | Gained a life (2 lives remaining)
  2092 | D:2      | Noticed Jessica
  2101 | D:2      | Killed Jessica
  2351 | D:3      | Killed from afar by a kobold
  2351 | D:3      | Lost a life (1 life remaining)
  2352 | D:3      | Quit the game

Illustrated notes

Levels and vault maps discovered:
D:1:      dpeg_arrival_pond, layout_loops_ring
D:2:      layout_basic, uniq_sigmund, uniq_crazy_yiuf_cottage, uniq_jessica,
          uniq_natasha
D:3:      layout_rooms, hangedman_decor_growths, minmay_pentomino_pile

Skill      XL: |  1  2  3  4 |
---------------+-------------+-----
Stealth        | 3 4 |  4.0
Fighting       | 1 2 |  2.0
Spellcasting   | 3 |  3.0
Dodging        | |  2.6
Summonings     | |  4.7

Action                     |  1- 3 |  4- 6 || total
---------------------------+-------+-------++-------
  Melee: Unarmed           |   100 |    39 ||   139
         Bite              |     8 |     3 ||    11
         Punch             |     1 |       ||     1
   Cast: Summon Small Mamm |     7 |     3 ||    10
         Call Imp          |     4 |     5 ||     9
    Use: Scroll            |       |     3 ||     3
   Stab: Sleeping          |     3 |     2 ||     5
         Distracted        |       |     1 ||     1
 Armour: Skin              |    31 |    17 ||    48
  Dodge: Dodged            |    83 |    31 ||   114

Table legend: (Time is in decaauts)
 A = Elapsed time spent in this place.
 B = Non-inter-level travel time spent in this place.
 C = Inter-level travel time spent in this place.
 D = Time resting spent in this place.
 E = Time spent auto-exploring this place.
 F = Levels seen in this place.
 G = Mean time per level.
                   A        B        C        D        E       F      G
               +--------+--------+--------+--------+--------+-----+--------+
         Total |   2351 |   2234 |    117 |    439 |    888 |   3 |  783.7 |
       Dungeon |   2351 |   2234 |    117 |    439 |    888 |   3 |  783.7 |
               +--------+--------+--------+--------+--------+-----+--------+

Top non-repeatable levels by time:
     D:2: 1350 daAuts
     D:1: 735 daAuts
     D:3: 266 daAuts
